 Dungeon Crawl Stone Soup version 0.26.1-11-gd32895ea62 (webtiles) character file.

Game seed: 14436242523574491187

401 nothank2 the Cudgeller (level 6, -2/40 HPs)
             Began as a Gargoyle Fighter on July 13, 2021.
             Was a Follower of Makhleb.
             Slain by an ogre
             ... wielding a +0 giant spiked club
              (18 damage)
             ... on level 4 of the Dungeon.
             The game lasted 00:06:34 (3802 turns).

nothank2 the Cudgeller (Gargoyle Fighter)           Turns: 3802, Time: 00:06:35

Health: -2/40      AC: 15    Str: 22    XL:     6   Next: 85%
Magic:  6/6        EV:  4    Int: 14    God:    Makhleb [*.....]
Gold:   131        SH:  9    Dex:  9    Spells: 5/5 levels left

rFire    x . .     SeeInvis .   a - +0 flail
rCold    + . .     Faith    .   c - +0 kite shield
rNeg     + . .     Spirit   .   n - +0 plate armour
rPois    ∞         Reflect  .   (no helmet)
rElec    +         Harm     .   (no cloak)
rCorr    .         Rampage  .   (no gloves)
Will     .....                  (no boots)
Stlth    ..........             (no amulet)
HPRegen  0.13/turn              l - +6 ring of intelligence
MPRegen  0.10/turn              t - ring of ice

@: no status effects
A: negative energy resistance 1, electricity resistance, unbreathing,
petrification resistance, miasma immunity, AC +4
a: Renounce Religion


You were on level 4 of the Dungeon.
You worshipped Makhleb.
Makhleb was aware of your devotion.
You visited 1 branch of the dungeon, and saw 4 of its levels.

You collected 131 gold pieces.

Inventory:

Hand Weapons
 a - a +0 flail (weapon)
Missiles
 m - 33 poisoned darts (quivered)
Armour
 b - a +0 scale mail
 c - a +0 kite shield (worn)
 n - a +0 plate armour (worn)
Jewellery
 l - a +6 ring of intelligence (left hand)
 t - a ring of ice (right hand)
Wands
 v - a wand of flame (19)
Scrolls
 h - 2 scrolls of fear {unknown}
 i - 3 scrolls of identify {unknown}
 k - 2 scrolls of teleportation {unknown}
 q - a scroll of immolation {unknown}
 r - 4 scrolls of remove curse {unknown}
 s - a scroll of enchant armour {unknown}
 u - a scroll of blinking {unknown}
 x - a scroll of amnesia {unknown}
Potions
 d - a potion of might
 e - a potion of cancellation {unknown}
 f - a potion of lignification {unknown}
 g - 3 potions of curing
 j - a potion of invisibility {unknown}
 o - 2 potions of degeneration {unknown}
 p - a potion of ambrosia {unknown}
 w - 2 potions of flight {unknown}


   Skills:
 + Level 5.3 Fighting
 * Level 5.9 Maces & Flails
 - Level 3.2 Armour
 - Level 3.2 Shields


You had 5 spell levels left.
You didn't know any spells.
Your spell library contained the following spells:

 Spells                   Type           Power        Failure   Level
 Beastly Appendage        Tmut           0%           100%        1
 Wereblood                Tmut           0%           100%        2
 Spider Form              Tmut/Pois      0%           100%        3
 Ice Form                 Ice/Tmut       0%           100%        4
 Blade Hands              Tmut           0%           100%        5


Dungeon Overview and Level Annotations

Branches:
Dungeon (4/15)
 Temple: D:4-7

Altars:
Cheibriados
Dithmenos
Makhleb


Innate Abilities, Weirdness & Mutations

You are resistant to torment.
Your stone body is resilient. (AC +4)
You are immune to poison.
You resist negative energy. (rN+)
You are resistant to electric shocks. (rElec)
You can survive without breathing.
You are immune to petrification.
You are immune to miasma.


Message History

The hound bites you but does no damage. You block the hound's attack.
The hound bites you.
You barely miss the hound. You block the hound's attack.
The hound barely misses you.
You closely miss the hound. The hound bites you but does no damage.
You closely miss the hound. The hound bites you but does no damage.
You block the hound's attack.
You hit the hound.
The hound is moderately wounded.
You hear the slow rusting of a distant drain.
The hound bites you. You block the hound's attack.
You sock the hound!
You kill the hound!
Makhleb accepts your kill.
You completely miss the ogre. You block the ogre's attack.
You hit the ogre.
The ogre is moderately wounded.
The ogre hits you with a +0 giant spiked club!!
You die...

..###.###.### .# #
..#...#....##.#.#
...8...8.......# #..
#...#.....### .
##.###..).......
#...#...#.)†#.....#
#.8...8...8.# ...
#.......#...###.#.####
####..#.###.wO@.......
##...###..##....###
#....<...# #.#.#
....######.# .# # ###.
#.# # #. #.# #.# ...
..


You could see an ogre and a worm.

Vanquished Creatures
  A scorpion (D:3)
  A howler monkey (D:4)
  2 hounds (D:4)
  Ijyb (D:3)
  An orc wizard (D:4)
  A worker ant (D:4)
  7 adders
  An ooze (D:2)
  2 worms (D:2)
  5 dart slugs
  2 leopard geckos
  5 orcs
  5 giant cockroaches
  16 goblins
  9 hobgoblins
  4 jackals
  2 quokkas
  6 bats
  8 frilled lizards
  11 kobolds
  7 rats
97 creatures vanquished.

Notes
Turn   | Place    | Note
-------+----------+-------------------------------------------
     0 | D:1      | nothank2 the Gargoyle Fighter began the quest for the Orb.
     0 | D:1      | Reached XP level 1. HP: 14/14 MP: 1/1
    44 | D:1      | Reached XP level 2. HP: 5/19 MP: 2/2
   470 | D:1      | You fall into a shaft and drop 1 floor!
   770 | D:1      | Reached XP level 3. HP: 24/24 MP: 3/3
  1447 | D:2      | Found a shadowy altar of Dithmenos.
  1604 | D:2      | Reached XP level 4. HP: 27/29 MP: 4/4
  2219 | D:3      | Found a burning altar of Makhleb.
  2263 | D:3      | Became a worshipper of Makhleb the Destroyer
  2403 | D:3      | Reached XP level 5. HP: 31/34 MP: 5/5
  2456 | D:3      | Noticed Ijyb
  2491 | D:3      | Killed Ijyb
  2843 | D:3      | Found a snail-covered altar of Cheibriados.
  3279 | D:3      | Reached * piety under Makhleb
  3531 | D:3      | Reached skill level 5 in Maces & Flails
  3531 | D:3      | Reached XP level 6. HP: 40/40 MP: 6/6
  3724 | D:4      | Reached skill level 5 in Fighting
  3802 | D:4      | Slain by an ogre

Illustrated notes

Levels and vault maps discovered:
D:1:      dpeg_arrival_line_fractal, layout_basic
D:2:      wad_river_or_something, layout_rooms, nicolae_dithmenos_shadow_blocks,
          hangedman_decor_points, minmay_small_reverse_x
D:3:      kennysheep_goblin_castle, layout_loops_cross,
          nicolae_overflow_crystal_walls, lemuel_doored_altar, minmay_circle_x
D:4:      layout_loops_ring, cheibrodos_sewer_entry_drain,
          minmay_misc_feat_four_crosses

Skill      XL: |  1  2  3  4  5  6 |
---------------+-------------------+-----
Maces & Flails | 3 4 5 |  5.9
Fighting       | 4 5 |  5.3
Armour         | |  3.2
Shields        | |  3.2

Action                   |  1- 3 |  4- 6 || total
-------------------------+-------+-------++-------
Melee: Flail             |   142 |   287 ||   429
Armor: Scale mail        |    67 |    20 ||    87
       Plate armour      |       |   262 ||   262
Dodge: Dodged            |    58 |    54 ||   112
Block: Kite shield       |    71 |   159 ||   230
